 Dungeon Crawl Stone Soup version 0.22.1-1-ga44c0e5 (webtiles) character file.

816 Fang the Chopper (level 7, 0/39 HPs)
             Began as a Gargoyle Berserker on Oct 5, 2018.
             Was a Priest of Trog.
             Slain by Duvessa
             ... wielding a +0 rapier
              (2 damage)
             ... on level 5 of the Dungeon.
             The game lasted 00:04:45 (3953 turns).

Fang the Chopper (Gargoyle Berserker)               Turns: 3953, Time: 00:04:45

Health: 0/39       AC: 16    Str: 22    XL:     7   Next: 94%
Magic:  7/7        EV:  7    Int:  8    God:    Trog [***...]
Gold:   235        SH:  0    Dex:  9    Spells: 6/6 levels left

rFire    . . .     SeeInvis .   p - +3 hand axe
rCold    . . .     Gourm    .   (no shield)
rNeg     + . .     Faith    .   s - +0 plate armour
rPois    ∞         Spirit   .   (no helmet)
rElec    +         Reflect  .   (no cloak)
rCorr    .         Harm     .   (no gloves)
MR       .....                  (no boots)
Stlth    ..........             (no amulet)
HPRegen  0.13/turn              (no ring)
MPRegen  0.10/turn              (no ring)

@: berserk cooldown, slowed, very slow
A: frail 1, negative energy resistance 1, electricity resistance, unbreathing,
evolution 1, petrification resistance, rot immunity, AC +4
a: Berserk, Trog's Hand, Renounce Religion


You were on level 5 of the Dungeon.
You worshipped Trog.
Trog was most pleased with you.
You were not hungry.

You visited 1 branch of the dungeon, and saw 5 of its levels.

You collected 235 gold pieces.

Inventory:

Hand Weapons
 p - a +3 hand axe (weapon)
Armour
 l - a +2 ring mail of cold resistance
 s - a +0 plate armour (worn)
Wands
 o - a wand of disintegration (14)
 q - a wand of enslavement (10)
 r - a wand of flame (41)
Scrolls
 b - a scroll of fog
 f - 2 scrolls of teleportation
 n - 2 scrolls of remove curse
Potions
 a - a potion of might
 d - a potion of invisibility {unknown}
 h - a potion of agility
 j - 2 potions of curing
 m - a potion of heal wounds
Comestibles
 c - 7 rations


   Skills:
 + Level 5.1 Fighting
 + Level 6.1 Axes
 + Level 4.6 Armour
 + Level 2.5 Dodging
 + Level 1.7 Stealth


You had 6 spell levels left.
You didn't know any spells.
Your spell library was empty.

Dungeon Overview and Level Annotations

Branches:
Dungeon (5/15)
 Temple: D:4-7

Altars:

Annotations:
D:5 Duvessa


Innate Abilities, Weirdness & Mutations

You are resistant to torment.
Your stone body is resilient. (AC +4)
You are immune to poison.
You resist negative energy. (rN+)
You are resistant to electric shocks. (rElec)
You can survive without breathing.
You are immune to petrification.
You are immune to rotting.
You are frail. (-10% HP)
You evolve.


Message History

You feel yourself slow down. Duvessa barely misses you.
You barely miss Duvessa.
Duvessa is heavily wounded.
Duvessa closely misses you. Duvessa barely misses you.
You hit Duvessa.
Duvessa is heavily wounded.
Duvessa hits you with a rapier.
* * * LOW HITPOINT WARNING * * *
Duvessa hits you but does no damage.
You hit Duvessa.
Duvessa is heavily wounded.
Duvessa hits you but does no damage. Duvessa hits you with a rapier.
* * * LOW HITPOINT WARNING * * *
Your plate armour prevents you from hitting Duvessa.
Duvessa is heavily wounded.
Duvessa hits you but does no damage. x2
You hit Duvessa but do no damage.
Duvessa is heavily wounded.
Duvessa hits you with a rapier.
You die...

#.......# #.#.....#
#.....#.# #### ###
#>....#.# ... ..#
#....##.# #.. #.#
#.#.###.# #..#
#.####.#.##..#
##.#..)##.##.........###
+.....e@(...............
##....)...##.###.#...###
###..######.# #.##.##
#.# #.# #....# #.
#.#####..# ## .
#........# .. .
#######.## ## #. #.##.##
#......


You could see Duvessa (berserk).

Vanquished Creatures
  Menkaure (D:5)
  A centaur (D:5)
  Dowan (D:5)
  3 wights (D:3)
  A hound (D:4)
  2 orc wizards (D:3)
  2 iguanas
  Terence (D:2)
  2 worker ants
  7 gnolls
  7 adders
  A worm (D:4)
  3 dart slugs
  3 leopard geckos
  13 orcs
  13 bats
  A giant cockroach (D:3)
  5 goblins
  6 hobgoblins
  4 jackals
  6 kobolds
  5 frilled lizards
  5 rats
93 creatures vanquished.

Notes
Turn   | Place    | Note
-------+----------+-------------------------------------------
     0 | D:1      | Fang the Gargoyle Berserker began the quest for the Orb.
     0 | D:1      | Reached XP level 1. HP: 14/14 MP: 1/1
   281 | D:1      | Reached XP level 2. HP: 18/19 MP: 2/2
   338 | D:1      | Reached skill level 3 in Axes
   737 | D:2      | Noticed Terence
   741 | D:2      | Reached XP level 3. HP: 13/24 MP: 3/3
   747 | D:2      | Killed Terence
  1037 | D:2      | Reached XP level 4. HP: 29/29 MP: 4/4
  1111 | D:2      | Found a faded altar of an unknown god.
  1217 | D:2      | Reached ** piety under Trog
  1401 | D:2      | Reached skill level 4 in Axes
  1401 | D:2      | Reached XP level 5. HP: 30/33 MP: 5/5
  1593 | D:3      | Reached skill level 1 in Stealth
  1647 | D:3      | Reached XP level 6. HP: 39/39 MP: 6/6
  1648 | D:3      | Reached skill level 5 in Axes
  1670 | D:3      | HP: 1/39 [orc wizard/magic dart (2)]
  2300 | D:3      | Reached *** piety under Trog
  2925 | D:4      | Reached XP level 7. HP: 35/44 MP: 7/7
  3530 | D:4      | Gained mutation: You are frail. (-10% HP) [potion of
                  | mutation]
  3530 | D:4      | Gained mutation: You evolve. [potion of mutation]
  3542 | D:5      | Entered Level 5 of the Dungeon
  3551 | D:5      | Noticed Menkaure
  3562 | D:5      | Killed Menkaure
  3578 | D:5      | Reached skill level 5 in Fighting
  3923 | D:5      | Noticed Dowan
  3924 | D:5      | Noticed Duvessa
  3937 | D:5      | Killed Dowan
  3937 | D:5      | Reached skill level 6 in Axes
  3953 | D:5      | Slain by Duvessa

Skill      XL: |  1  2  3  4  5  6  7 |
---------------+----------------------+-----
Axes           | 3 4 5 6 |  6.1
Fighting       | 4 5 |  5.1
Dodging        | 2 |  2.5
Stealth        | 1 |  1.7
Armour         | 3 4 |  4.6

Action                   |  1- 3 |  4- 6 |  7- 9 || total
-------------------------+-------+-------+-------++-------
Melee: Hand axe          |    65 |   164 |    76 ||   305
Invok: Berserk           |     1 |     4 |     2 ||     7
  Use: Potion            |       |     4 |     1 ||     5
       Scroll            |       |       |     8 ||     8
  Eat: Chunk             |       |    11 |     2 ||    13
       Ration            |       |       |     1 ||     1
Armor: Animal skin       |    19 |       |       ||    19
       Ring mail         |       |   129 |    14 ||   143
       Plate armour      |       |       |    42 ||    42
Dodge: Dodged            |    41 |   138 |    33 ||   212
